 Dungeon Crawl Stone Soup version 0.31-a0-369-g8eba5f6939 (webtiles) character file.

Game seed: 11713209136410070422

37 shadowstone the Conjurer (level 3, -5/1 (18) HPs)
             Began as a Vine Stalker Reaver on July 28, 2023.
             Slain by Sigmund
             ... wielding a +0 scythe
              (6 damage)
             ... on level 2 of the Dungeon.
             The game lasted 00:04:04 (896 turns).

shadowstone the Conjurer (Vine Stalker Reaver)       Turns: 896, Time: 00:04:16

HP:   -5/1 (18)     AC:  3    Str: 14    XL:     3   Next: 39%
MP:   0/7           EV: 11    Int: 15    God:
Gold: 44            SH:  0    Dex: 12    Spells: 5/6 levels left

rFire   . . .        h - +0 trident
rCold   . . .        (no shield)
rNeg    . . .        b - +0 leather armour
rPois   .            (no helmet)
rElec   .            (no cloak)
rCorr   .            (no gloves)
SInv    .            (no boots)
Will    .....        (no amulet)
Stlth   +            (no ring)
HPRegen 0.20/turn    (no ring)
MPRegen 0.10/turn

%: guardian spirit
@: extremely drained
A: fangs 2, magic shield, antimagic bite, no potion heal 2
a: no special abilities


You were on level 2 of the Dungeon.
You visited 1 branch of the dungeon, and saw 2 of its levels.

You collected 44 gold pieces.

Inventory:

Hand Weapons
 a - a +0 falchion
 h - a +0 trident (weapon)
Armour
 b - a +0 leather armour (worn)
Jewellery
 c - a ring of resist corrosion
Scrolls
 d - a scroll of vulnerability {unknown}
 e - a scroll of identify {unknown}
Potions
 f - 2 potions of attraction {unknown}
 g - a potion of brilliance {unknown}
 i - a potion of berserk rage {unknown}


   Skills:
 + Level 2.0 Fighting
 + Level 3.2 Long Blades
 + Level 0.1 Polearms
 + Level 0.4 Armour
 + Level 1.6 Dodging
 + Level 2.3 Spellcasting
 + Level 3.3 Conjurations


You had 5 spell levels left.
You knew the following spells:

 Your Spells              Type           Power      Damage    Failure   Level
a - Kiss of Death         Conj/Necr      24%        2d7       14%         1

Your spell library contained the following spells:

 Spells                   Type           Power      Damage    Failure   Level
 Momentum Strike          Conj/Tloc      12%        3d8       21%         2
 Sandblast                Erth           2%         2d4       28%         1
 Passwall                 Tmut/Erth      0%         N/A       38%         2
 Hailstorm                Conj/Ice       6%         3d4       38%         3
 Stone Arrow              Conj/Erth      12%        3d7       38%         3


Dungeon Overview and Level Annotations

Branches:
Dungeon (2/15)

Altars:

Annotations:
D:2 Sigmund


Innate Abilities, Weirdness & Mutations

You have extremely sharp teeth.
When hurt, damage is shared between your health and your magic reserves.
Your bite disrupts and absorbs the magic of your enemies.
Potions cannot restore your health.


Message History

You see here a hobgoblin corpse.
Found 9 gold pieces.
You now have 44 gold pieces (gained 9).
You see here 2 stones.
A goblin comes into view. It is wielding a +0 dagger.
The goblin shouts!
Casting: Kiss of Death (safe; 14% risk of failure)
Confirm with . or Enter, or press ? or * to list all spells.
You can't see any susceptible monsters within range! (Use Z to cast anyway.)
Casting: Kiss of Death (safe; 14% risk of failure)
Confirm with . or Enter, or press ? or * to list all spells.
You can't see any susceptible monsters within range! (Use Z to cast anyway.)
You hit the goblin.
You kill the goblin!
Things that are here:
a +0 dagger; a goblin corpse Sigmund the Dreaded comes into view.
He is wielding a +0 scythe.
Found a scroll labelled HUMEMP WEPA.
Sigmund shouts!
Found a scroll labelled CYANUO HURUIFO and a scroll labelled NEITHR USAYCA.
Casting: Kiss of Death (safe; 14% risk of failure)
Confirm with . or Enter, or press ? or * to list all spells.
You can't see any susceptible monsters within range! (Use Z to cast anyway.) Sigmund closely misses you.
Sigmund barely misses you.
You barely miss Sigmund. Sigmund hits you but does no damage.
You barely miss Sigmund. Your bite misses Sigmund.
Sigmund says, "Look into my eyes."
Sigmund points at you and mumbles some strange words.
The magic dart hits you.
Casting: Kiss of Death (safe; 14% risk of failure)
Confirm with . or Enter, or press ? or * to list all spells.
Aiming: Kiss of Death (safe; 14% risk of failure)
Press: ? - help, Shift-Dir - straight line, f - Sigmund
Aim: Sigmund, wielding a +0 scythe and wearing a +0 robe (100% to hit)
The negative energy hits Sigmund.
Sigmund is drained!
Sigmund is moderately wounded.
You feel drained. Sigmund hits you with a +0 scythe.
Ouch! That really hurt!
You die...

#.# . #.# ##### ..
#.# ##....# ...
#.##### #??...+
....###.#...#
##.....#
#.....#...###......#
#........#......#
#.######.#.@..# #.##
#.#.@.?# #..#
#....### ##.##
###### ##..#### #
#......# # #......#
# #....).# #......#
######.##


You could see Sigmund (very drained).

Vanquished Creatures
  2 adders (D:2)
  2 ball pythons (D:2)
  2 endoplasms (D:2)
  2 giant cockroaches (D:2)
  2 goblins
  3 hobgoblins (D:2)
  A quokka (D:1)
  A frilled lizard (D:1)
  2 rats
17 creatures vanquished.

Notes
Turn   | Place    | Note
-------+----------+-------------------------------------------
     0 | D:1      | shadowstone the Vine Stalker Reaver began the quest for the
                  | Orb.
     0 | D:1      | Reached XP level 1. HP: 11/11 MP: 4/4
   287 | D:2      | Reached XP level 2. HP: 10/11 MP: 3/6
   484 | D:2      | Reached XP level 3. HP: 6/9 MP: 0/7
   889 | D:2      | Noticed Sigmund
   896 | D:2      | Slain by Sigmund

Illustrated notes

Levels and vault maps discovered:
D:1:      spicycebolla_green_bress_n_ham_2, layout_basic,
          hellmonk_ecumenical_altar_crossroads, chequers_serial_rivers_marsh,
          minmay_indecisive_spiral
D:2:      layout_basic, uniq_sigmund, uniq_natasha

Skill      XL: |  1  2 |
---------------+-------+-----
Long Blades    | 3 |  3.2
Fighting       | 2 |  2.0
Polearms       | |  0.1
Armour         | |  0.4
Dodging        | |  1.6
Spellcasting   | |  2.3
Conjurations   | |  3.3

Action                     || total
---------------------------++-------
  Melee: Falchion          ||    28
         Bite              ||    10
         Trident           ||    14
         Punch             ||     1
   Cast: Kiss of Death     ||     8
 Armour: Leather armour    ||    13
  Dodge: Dodged            ||    32

Table legend: (Time is in decaauts)
 A = Elapsed time spent in this place.
 B = Non-inter-level travel time spent in this place.
 C = Inter-level travel time spent in this place.
 D = Time resting spent in this place.
 E = Time spent auto-exploring this place.
 F = Levels seen in this place.
 G = Mean time per level.
                   A        B        C        D        E       F      G
               +--------+--------+--------+--------+--------+-----+--------+
         Total |    914 |    914 |      0 |    318 |    153 |   2 |  457.0 |
       Dungeon |    914 |    914 |      0 |    318 |    153 |   2 |  457.0 |
               +--------+--------+--------+--------+--------+-----+--------+

Top non-repeatable levels by time:
     D:2: 647 daAuts
     D:1: 266 daAuts
